 Dungeon Crawl Stone Soup version 0.19-a0-1223-gf83d13a (webtiles) character file.

4820 Geppetto the Covert (level 10, -1/56 HPs)
             Began as a Kobold Berserker on Aug 23, 2016.
             Was a High Priest of Trog.
             Killed from afar by an electric eel (9 damage)
             ... with a bolt of electricity
             ... in a bailey on Aug 24, 2016.
             The game lasted 00:28:33 (8032 turns).

Geppetto the Covert (Kobold Berserker)              Turns: 8032, Time: 00:28:34

Health: -1/56      AC:  8    Str: 24    XL:     10   Next: 77%
Magic:  3/3        EV: 18    Int:  5    God:    Trog [*****.]
Gold:   445        SH:  8    Dex: 18    Spells: 0 memorised, 9 levels left

rFire  + . .     SeeInvis .     E - +5 dagger (antimagic)
rCold  . . .     Gourm    .     C - +3 leather armour of the Arcane {rF+ Str+7}
rNeg   . . .     Faith    +     y - +1 buckler
rPois  .         Spirit   .     p - +0 helmet
rElec  .         Dismiss  .     (no cloak)
rCorr  .         Reflect  .     (no gloves)
MR     .....     Harm     .     b - +0 pair of boots
Stlth  ++++++....               k - amulet of faith
                                (no ring)
                                (no ring)

@: no status effects
A: carnivore 3
a: Berserk, Trog's Hand, Brothers in Arms, Burn Spellbooks, Renounce Religion


You were in a bailey.
You worshipped Trog.
Trog was extremely pleased with you.
You were completely stuffed.

You visited 1 branch of the dungeon, and saw 10 of its levels.
You also visited: Bailey.

You collected 445 gold pieces.

Inventory:

Hand Weapons
 d - a +0 dagger
 n - a +3 short sword of electrocution
 E - a +5 antimagic dagger (weapon)
Armour
 b - a +0 pair of boots (worn)
 p - a +0 helmet (worn)
 y - a +1 buckler (worn)
 C - the +3 leather armour of the Arcane (worn) {rF+ Str+7}
   (You found it on level 6 of the Dungeon)

   It affects your strength (+7).
   It protects you from fire.
Jewellery
 k - an amulet of faith (around neck)
 m - an uncursed amulet of magic regeneration {unknown}
 q - an uncursed amulet of harm {unknown}
Wands
 o - a wand of flame (41/48)
 x - a wand of digging (11/24)
 B - a wand of flame (26/48)
Scrolls
 a - a scroll of fear
 w - 2 scrolls of teleportation
 D - a scroll of remove curse
Potions
 g - 2 potions of curing
 h - a potion of haste {unknown}
 i - a potion of magic {unknown}
 j - 2 potions of invisibility
 l - a potion of mutation {unknown}
 r - a potion of might {unknown}
 s - 2 potions of heal wounds {unknown}
 t - 2 potions of resistance {unknown}
 A - 3 potions of lignification {unknown}
Comestibles
 c - 7 meat rations
 f - a chunk of flesh
 v - 2 beef jerkies
 z - 8 slices of pizza


   Skills:
 - Level 3.2 Fighting
 - Level 12.0 Short Blades
 - Level 1.5 Armour
 * Level 6.0 Dodging
 + Level 12.8 Stealth
 + Level 5.1 Shields


You had 9 spell levels left.
You didn't know any spells.

Dungeon Overview and Level Annotations

Branches:
Dungeon (11/15)            Temple (0/1) D:4             Orc (0/2) D:11
   Lair: D:8-11

Altars:
Dithmenos
Fedhas
Gozag
Makhleb
Nemelex Xobeh
Qazlal
Xom

Shops:
D:4 :

Annotations:
D:4 fighting manual!
D:6 Menkaure


Innate Abilities, Weirdness & Mutations

You are small and have problems with some larger weapons.
You are carnivorous and can eat meat at any time.


Message History

The electric eel shoots out a bolt of lightning at you!
The bolt of electricity hits you!
You hit the electric eel.
The electric eel is severely wounded.
The electric eel shoots out a bolt of lightning at you!
The bolt of electricity hits you!
You hit the electric eel but do no damage.
The electric eel is severely wounded.
The electric eel shoots out a bolt of lightning at you!
The bolt of electricity hits you!
You puncture the electric eel!
You kill the electric eel!
Trog accepts your kill.
Your Dodging skill increases to level 6!
The electric eel shoots out a bolt of lightning at you!
The bolt of electricity hits you! x2
* * * LOW HITPOINT WARNING * * *
The electric eel shoots out a bolt of lightning at you!
The bolt of electricity hits you!
You die...

.#..+))...'..#
##..#..⌠..#..####+#≈≈≈≈≈≈≈
....#)....#.....#.≈≈≈≈≈;≈≈
8...#.....#...8.#.≈≈≈≈≈≈≈≈
....#######.....#.≈≈≈≈≈≈≈≈
8)###########.8.#.≈≈≈≈≈≈≈≈
))..............#.≈≈≈≈≈≈≈≈
8.............8.#.≈≈≈≈≈≈≈≈
......._.......)@.≈≈≈≈≈≈≈≈
'#...........#)##.≈≈≈≈≈≈≈≈
.#############))#.≈≈≈≈≈≈≈≈
.#.%..'.'..[[#..#.≈≈≈≈≈≈≈≈
.#....#.#..[[#..#.≈≈≈≈≈≈≈≈
.######.######..#.≈≈≈≈≈≈≈≈
.'...^.∩.....'..#.≈≈≈≈≈≈≈≈
#######.#########+#≈≈≈≈≈≈≈
.# #.# ≈≈≈≈≈≈≈


You could see an electric eel.

Vanquished Creatures
  A hill giant (D:11)
  The ghost of 4thArraOfDagon the Cleaver, an amateur MiBe of Trog (Bailey)
  A human (D:7)
  A hippogriff (D:8)
  A water moccasin (D:7)
  An ice beast (D:7)
  9 orc warriors
  3 sky beasts
  A phantom (D:5)
  A black bear (D:6)
  A necrophage (D:6)
  An ogre (D:6)
  3 centaurs
  2 giant frogs (D:7)
  A wyvern zombie (D:10)
  A water moccasin skeleton (D:4)
  A scorpion (D:6)
  An electric eel (Bailey)
  A howler monkey (D:5)
  A giant frog zombie (D:6)
  3 iron imps (D:7)
  5 orc priests
  A hound (D:6)
  An orc wizard (D:5)
  2 centaur skeletons (D:4)
  4 iguanas
  9 worker ants
  4 sheep (D:7)
  2 hound skeletons
  A hound zombie (D:6)
  2 worker ant zombies (D:5)
  Robin (D:3)
  8 gnolls
  8 adders
  2 oozes
  An adder skeleton (D:4)
  An adder zombie (D:1)
  4 worms
  3 giant geckos
  31 orcs
  4 bats
  9 giant cockroaches
  23 goblins
  9 hobgoblins
  6 jackals
  4 quokkas
  2 giant gecko zombies
  5 giant newts
  9 kobolds
  A quokka zombie (D:1)
  8 rats
206 creatures vanquished.

Vanquished Creatures (collateral kills)
  The ghost of Dirtsage the Basher, a novice GrFi of Zin (Bailey)
  2 kobold demonologists (Bailey)
  An orc warrior (Bailey)
  2 gnolls (Bailey)
  A hobgoblin (Bailey)
7 creatures vanquished.

Vanquished Creatures (others)
  An orc (Bailey)
1 creature vanquished.

Grand Total: 214 creatures vanquished

Notes
Turn   | Place    | Note
-------+----------+-------------------------------------------
     0 | D:1      | Geppetto the Kobold Berserker began the quest for the Orb.
     0 | D:1      | Reached XP level 1. HP: 14/14 MP: 1/1
   190 | D:1      | Reached XP level 2. HP: 19/19 MP: 2/2
   371 | D:1      | Reached skill level 1 in Stealth
   569 | D:1      | Reached skill level 5 in Short Blades
   569 | D:1      | Reached XP level 3. HP: 16/23 MP: 3/3
   811 | D:1      | Reached ** piety under Trog
  1435 | D:2      | Reached XP level 4. HP: 26/28 MP: 4/4
  2038 | D:3      | Noticed Robin
  2057 | D:3      | Killed Robin
  2292 | D:3      | Noticed an orc warrior
  2358 | D:3      | Reached XP level 5. HP: 17/32 MP: 5/5
  2550 | D:3      | Upgraded the game from 0.19-a0-1216-g363869b to 0.19-a0-1223-gf83d13a
  2640 | D:3      | Found a sparkling altar of Nemelex Xobeh.
  2673 | D:3      | Found a faded altar of an unknown god.
  2830 | D:3      | Found a stormy altar of Qazlal.
  2840 | D:3      | Found an opulent altar of Gozag.
  2857 | D:3      | Killed an orc warrior
  2857 | D:3      | Reached skill level 5 in Stealth
  2857 | D:3      | Reached XP level 6. HP: 37/37 MP: 6/6
  2858 | D:3      | Reached *** piety under Trog
  3409 | D:4      | Reached XP level 7. HP: 32/41 MP: 7/7
  3635 | D:4      | Found a staircase to the Ecumenical Temple.
  3682 | D:4      | Found Lobb's Book Shoppe.
  3761 | D:5      | Entered Level 5 of the Dungeon
  3806 | D:5      | Got a warped ring mail
  3817 | D:5      | Identified the cursed +0 ring mail "Poliwk" {Str+3} (You found it on level 5 of the Dungeon)
  4052 | D:5      | Reached **** piety under Trog
  4140 | D:5      | Reached XP level 8. HP: 46/46 MP: 8/8
  4198 | D:5      | Reached skill level 1 in Shields
  4656 | D:6      | Reached skill level 10 in Stealth
  5102 | D:6      | Reached XP level 9. HP: 51/51 MP: 9/9
  5167 | D:6      | Noticed Menkaure
  5366 | D:6      | Got a spiked leather armour
  5380 | D:6      | Identified the +3 leather armour of the Arcane {rF+ Str+7} (You found it on level 6 of the Dungeon)
  5454 | D:6      | Found a shimmering altar of Xom.
  5581 | D:7      | Reached skill level 10 in Short Blades
  5664 | D:7      | Reached ***** piety under Trog
  6115 | D:7      | Found a burning altar of Makhleb.
  6153 | D:7      | Reached XP level 10. HP: 56/56 MP: 10/10
  6242 | D:8      | Found a shadowy altar of Dithmenos.
  6242 | D:8      | Found a blossoming altar of Fedhas.
  6423 | D:8      | You fall through a shaft for 3 floors!
  6423 | D:11     | Found a staircase to the Orcish Mines.
  6423 | D:11     | Noticed a cyclops
  6428 | D:11     | Noticed a hill giant
  6434 | D:11     | Killed a hill giant
  6444 | D:10     | Entered Level 10 of the Dungeon
  6445 | D:10     | Received a gift from Trog
  6542 | D:10     | Found a flagged portal.
  6590 | Bailey   | Entered a bailey
  6595 | Bailey   | Noticed Dirtsage's ghost (novice GrFi)
  6602 | Bailey   | Noticed 4thArraOfDagon's ghost (amateur MiBe)
  6611 | Bailey   | Killed Dirtsage's ghost
  6614 | Bailey   | Killed 4thArraOfDagon's ghost
  7123 | Bailey   | Found an iron altar of Okawaru.
  7123 | Bailey   | Noticed a kobold demonologist
  7123 | Bailey   | Noticed a kobold demonologist
  7136 | Bailey   | Killed a kobold demonologist
  7146 | Bailey   | Killed a kobold demonologist
  7146 | Bailey   | Reached skill level 5 in Shields
  7170 | Bailey   | Reached skill level 5 in Dodging
  8032 | Bailey   | Killed from afar by an electric eel

Vault maps used:
D:1:      saegor_arrival_fortress, feat_on_display
D:2:      first_bread, minmay_misc_feat_hallway
D:3:      nicolae_overflow_crystal_walls, amethyst_overflow_temple_binary,
          ecumenical_altar_1, small_statue_intersection, uniq_robin
D:4:      serial_shops, nicolae_shop_statue_plus, serial_glass, glass_columns_a,
          glass_columns_a, glass_columns_b, glass_columns_b, glass_columns_a,
          glass_columns_b, due_unseen_surprise, feat_on_display
D:5:      st_stairs_5
D:6:      kennysheep_mini, uniq_menkaure
D:7:      demons_altar, grunt_livestock
D:8:      cheibrodos_worm_habitat, gammafunk_temple_overflow_pools,
          minmay_lair_entry_lava, lightli_corner_chamber
D:10:     enter_bailey_7
D:11:     david_orc_3, uniq_psyche
Bailey:   bailey_axe_of_yendor_kennysheep, bailey

Skill      XL: |  1  2  3  4  5  6  7  8  9 10 |
---------------+-------------------------------+-----
Stealth        | 1 3 5 6 8 10 11 12 | 12.8
Short Blades   | 5 6 7 9 11 12 | 12.0
Shields        | 2 4 5 |  5.1
Dodging        | 6 |  6.0
Fighting       | |  3.2
Armour         | |  1.5

Action                   |  1- 3 |  4- 6 |  7- 9 | 10-12 || total
-------------------------+-------+-------+-------+-------++-------
Melee: Short sword       |    15 |    42 |   268 |    10 ||   335
       Dagger            |   105 |    93 |       |   159 ||   357
Invok: Berserk           |     2 |     3 |     7 |     5 ||    17
       Burn Spellbooks   |       |       |     1 |     1 ||     2
       Brothers in Arms  |       |       |       |     3 ||     3
       Trog's Hand       |       |       |       |     1 ||     1
  Use: Scroll            |     4 |     3 |     5 |     5 ||    17
 Stab: Sleeping          |     4 |    11 |    17 |     4 ||    36
       Distracted        |       |       |     2 |     1 ||     3
  Eat: Chunk             |     5 |    16 |    16 |    13 ||    50
Armor: Animal skin       |    15 |     8 |       |       ||    23
       Leather armour    |       |     3 |    16 |    13 ||    32
       Ring mail         |       |       |    16 |       ||    16
Dodge: Dodged            |    59 |    65 |    94 |    49 ||   267
Block: Buckler           |       |       |    35 |    21 ||    56
